[Event "Titled Tuesday Blitz March 28 Early 2023"]
[White "Prohorov, Olexandr"]
[Black "Krzywda, Andrzej"]
[WhiteFideId "14105578"]
[BlackFideId "1114565"]
[WhiteElo "1993"]
[BlackElo "2155"]
[Result "1/2-1/2"]
[Round "04"]
[TimeControl "180+2"]
[Date "2023.03.28"]
[WhiteClock "0:02:53"]
[BlackClock "0:02:31"]

1. b3 Nf6 2. Bb2 d5 3. g3 e6 4. Bg2 Be7 5. Nf3 O-O 6. O-O c5 7. d4 Nc6 8. c4 cxd4 9. Nxd4 Nxd4 10. Qxd4 Qb6 11. Qxb6 axb6 12. cxd5 1/2-1/2


[Site "https://www.chess.com"]

[Event "Titled Tuesday Blitz March 28 Early 2023"]
[White "Chan, Kim Yew"]
[Black "Hernandez Bonilla, Amelia"]
[WhiteFideId "5717981"]
[BlackFideId "3900193"]
[WhiteElo "2206"]
[BlackElo "2184"]
[Result "1-0"]
[Round "04"]
[TimeControl "180+2"]
[Date "2023.03.28"]
[WhiteClock "0:00:05"]
[BlackClock "0:00:01"]

1. c4 e5 2. Nc3 Nc6 3. Nf3 Nf6 4. e4 d6 5. d3 h6 6. Be2 Be7 7. O-O O-O 8. h3 Be6 9. Be3 Qd7 10. Kh2 Nh7 11. d4 exd4 12. Nxd4 Nxd4 13. Qxd4 f5 14. exf5 Bxf5 15. Rad1 Kh8 16. Nd5 Bg5 17. f4 Bf6 18. Nxf6 Nxf6 19. Bf3 Rfe8 20. Rfe1 Be4 21. Be2 Qc6 22. Bf1 Re7 23. Qc3 a6 24. Bd4 Nh5 25. Qd2 Rf8 26. b4 Nxf4 27. b5 axb5 28. cxb5 Qd7 29. g3 Ng6 30. Qxh6+ Kg8 31. Qg5 Ree8 32. Ba1 d5 33. Qe3 Qf7 34. Qd4 Qf2+ 35. Qxf2 Rxf2+ 36. Kg1 Rxa2 37. Rxd5 Bxd5 38. Rxe8+ Kf7 39. Re1 Be6 40. Bd4 Ne7 41. Bg2 Nf5 42. Bf2 Rb2 43. Rc1 c6 44. bxc6 bxc6 45. Rxc6 Rb1+ 46. Kh2 Ne7 47. Rc2 Bd5 48. Bxd5+ Nxd5 49. Kg2 Rd1 50. Re2 1-0


[Site "https://www.chess.com"]

[Event "Titled Tuesday Blitz March 28 Early 2023"]
[White "Hartikainen, Jarmo"]
[Black "Silvestre, Christian"]
[WhiteFideId "503134"]
[BlackFideId "30956269"]
[WhiteElo "2178"]
[BlackElo "2363"]
[Result "0-1"]
[Round "04"]
[TimeControl "180+2"]
[Date "2023.03.28"]
[WhiteClock "0:00:15"]
[BlackClock "0:01:21"]

1. e4 c6 2. d4 d5 3. Nc3 a6 4. Nf3 Bg4 5. Be2 Bxf3 6. Bxf3 e6 7. a3 Nf6 8. Be3 Be7 9. O-O Nbd7 10. Re1 Nb6 11. b3 O-O 12. Qd3 Nfd7 13. Red1 Bg5 14. g3 Rc8 15. Bg2 Bxe3 16. Qxe3 Nf6 17. h3 Re8 18. e5 Nfd7 19. Ne2 c5 20. c3 cxd4 21. cxd4 Qe7 22. Rdc1 Rxc1+ 23. Nxc1 Rc8 24. Nd3 h6 25. Qd2 Nb8 26. Kh2 Nc6 27. f4 Nxd4 28. Nb4 Nxb3 29. Qe3 Nxa1 0-1


[Site "https://www.chess.com"]

[Event "Titled Tuesday Blitz March 28 Early 2023"]
[White "Fathy, Elameir"]
[Black "Napoli, Nicolo"]
[WhiteFideId "10600396"]
[BlackFideId "813702"]
[WhiteElo "2311"]
[BlackElo "2308"]
[Result "0-1"]
[Round "04"]
[TimeControl "180+2"]
[Date "2023.03.28"]
[WhiteClock "0:00:49"]
[BlackClock "0:00:40"]

1. d4 d5 2. c4 c6 3. Nc3 Nf6 4. e3 Bf5 5. cxd5 cxd5 6. Qb3 Qc8 7. Nxd5 e6 8. Nxf6+ gxf6 9. Nf3 Nc6 10. Bd2 Bd6 11. Be2 Qc7 12. O-O-O Nxd4+ 13. Bc3 Nxb3+ 14. axb3 Bb4 15. Bb5+ Kf8 16. Rd7 Qc5 17. Bc4 Bxc3 18. bxc3 Qa3+ 19. Kd2 Qb2+ 20. Ke1 Qxc3+ 21. Ke2 Rc8 22. Rd4 Qc2+ 23. Rd2 Qc3 24. Rd4 e5 25. Rh4 Qc2+ 26. Nd2 Rd8 27. Rd1 Bd3+ 28. Ke1 Bxc4 29. Rxc4 Qf5 30. Rc7 Kg7 31. Rdc1 Rd7 32. R7c4 Rhd8 33. Nf3 Qe6 34. e4 Qg4 35. Ke2 Qf4 36. R1c2 b5 37. Rc6 Qxe4+ 38. Kf1 Rd1+ 0-1


[Site "https://www.chess.com"]

[Event "Titled Tuesday Blitz March 28 Early 2023"]
[White "Novikova, Galina"]
[Black "Kornyukov, Alexey"]
[WhiteFideId "4157095"]
[BlackFideId "4150457"]
[WhiteElo "1953"]
[BlackElo "2352"]
[Result "0-1"]
[Round "04"]
[TimeControl "180+2"]
[Date "2023.03.28"]
[WhiteClock "0:00:47"]
[BlackClock "0:00:28"]

1. e4 c5 2. Nf3 Nc6 3. d4 cxd4 4. Nxd4 e5 5. Nb3 Nf6 6. Bg5 Bb4+ 7. c3 Be7 8. N1d2 O-O 9. Bc4 h6 10. Bxf6 Bxf6 11. O-O d6 12. Nf3 Be6 13. Qe2 Rc8 14. Rad1 Bxc4 15. Qxc4 Nd4 16. Qd3 Nxb3 17. axb3 Be7 18. Ne1 Qb6 19. b4 Rfd8 20. Nc2 Bf6 21. Ne3 Qc6 22. Nd5 Bg5 23. Qg3 Qc4 24. h4 Bf4 25. Qf3 Re8 26. g3 Re6 27. gxf4 exf4 28. Rd4 Rg6+ 29. Kh1 Qxf1+ 30. Kh2 Qg1+ 31. Kh3 Qf1+ 32. Kh2 Re8 33. Nxf4 Qg1+ 34. Kh3 Rf6 35. Qg3 Qh1+ 36. Kg4 h5+ 37. Kxh5 Re5+ 38. Kg4 Qa1 39. Kh3 Qh1+ 40. Kg4 Rxe4 41. Rxe4 Qxe4 42. f3 Qf5# 0-1


[Site "https://www.chess.com"]

[Event "Titled Tuesday Blitz March 28 Early 2023"]
[White "crosky"]
[Black "Sanchez, Robert"]
[BlackFideId "2034360"]
[WhiteElo "2332"]
[BlackElo "2142"]
[Result "1-0"]
[Round "04"]
[TimeControl "180+2"]
[Date "2023.03.28"]
[WhiteClock "0:00:29"]
[BlackClock "0:02:06"]

1. c4 c6 2. Nf3 d5 3. e3 Nf6 4. Nc3 e6 5. d4 Be7 6. Qc2 O-O 7. Bd3 dxc4 8. Bxc4 b5 9. Bb3 Bb7 10. O-O a6 11. e4 Nbd7 12. e5 Nd5 13. Ne4 c5 14. dxc5 Rc8 15. Bxd5 exd5 16. Neg5 g6 17. b4 Nxe5 18. Bb2 Nc4 19. h4 Nxb2 20. Qxb2 Bf6 21. Qc2 Bxa1 22. Rxa1 h6 23. Nh3 Qf6 24. Rd1 Rfe8 25. Nd4 Re4 1-0


[Site "https://www.chess.com"]

[Event "Titled Tuesday Blitz March 28 Early 2023"]
[White "Tarnowska, Aleksandra"]
[Black "Ovezdurdyyeva, Jemal"]
[WhiteFideId "1180967"]
[BlackFideId "14001888"]
[WhiteElo "1776"]
[BlackElo "2043"]
[Result "0-1"]
[Round "04"]
[TimeControl "180+2"]
[Date "2023.03.28"]
[WhiteClock "0:00:03"]
[BlackClock "0:00:46"]

1. e4 d6 2. d4 Nf6 3. Nc3 g6 4. Be3 c6 5. Qd2 b5 6. f3 h5 7. h4 Bg7 8. Nh3 b4 9. Ne2 a5 10. Nf2 Nbd7 11. g4 Nb6 12. g5 Nfd7 13. Ng3 e5 14. f4 exf4 15. Bxf4 Qe7 16. Be2 O-O 17. O-O f6 18. Rae1 fxg5 19. Bxg5 Bf6 20. Nh3 Qg7 21. Bh6 Bxd4+ 22. Kg2 Qe5 23. Bxf8 Nxf8 24. Qh6 Bxh3+ 25. Kxh3 Bxb2 26. Rf3 Qg7 27. Qf4 Ne6 28. Qe3 Qd7 29. Ref1 Nf4+ 30. Kh2 Qh3+ 0-1


[Site "https://www.chess.com"]

[Event "Titled Tuesday Blitz March 28 Early 2023"]
[White "Prudnykova, Olga"]
[Black "dDobravcan"]
[WhiteFideId "14121093"]
[WhiteElo "2113"]
[BlackElo "2135"]
[Result "0-1"]
[Round "04"]
[TimeControl "180+2"]
[Date "2023.03.28"]
[WhiteClock "0:00:12"]
[BlackClock "0:00:04"]

1. e4 d6 2. d4 Nf6 3. Nc3 c6 4. h3 Qa5 5. Bd3 e5 6. Ne2 Be7 7. O-O O-O 8. f4 exd4 9. Nxd4 Qb6 10. Be2 Re8 11. Kh1 Bf8 12. Bf3 a5 13. a4 Na6 14. Nb3 Nb4 15. Re1 Be6 16. Be3 Qc7 17. Qd2 Rad8 18. Rad1 Bc4 19. Qc1 d5 20. e5 Nd7 21. Nd2 Ba6 22. Bf2 Nc5 23. Nf1 Ne6 24. g3 h6 25. Bg2 g6 26. b3 d4 27. Ne4 Nd5 28. c4 dxc3 29. Nxc3 Bb4 30. Ne4 Bxe1 31. Rxe1 Kg7 32. Ne3 Nb4 33. Nf6 Nd3 34. Nxe8+ Rxe8 35. Qd2 Nxe1 36. Bxe1 Qb6 37. Ng4 Qxb3 38. f5 Ng5 39. fxg6 fxg6 40. Nf6 Rxe5 41. Qd7+ Qf7 42. Qxf7+ Nxf7 43. Bc3 Kxf6 44. Bxe5+ Kxe5 0-1


[Site "https://www.chess.com"]

[Event "Titled Tuesday Blitz March 28 Early 2023"]
[White "Mrudul Dehankar"]
[Black "Chemin, Justo Reinaldo"]
[WhiteFideId "25096990"]
[BlackFideId "2101580"]
[WhiteElo "2139"]
[BlackElo "1940"]
[Result "1-0"]
[Round "04"]
[TimeControl "180+2"]
[Date "2023.03.28"]
[WhiteClock "0:00:05"]
[BlackClock "0:00:40"]

1. e4 e5 2. Nc3 Nf6 3. Bc4 Nc6 4. d3 Bc5 5. f4 d6 6. f5 h6 7. Nf3 a6 8. a3 Qe7 9. Qe2 Bd7 10. Bd2 O-O-O 11. O-O-O g6 12. fxg6 fxg6 13. h3 g5 14. Kb1 Rdf8 15. Rhf1 Be6 16. Nd5 Bxd5 17. exd5 Nb8 18. Ba2 Nbd7 19. d4 Bb6 20. dxe5 Nxe5 21. Rde1 Re8 22. Nxe5 dxe5 23. Bb4 Bc5 24. Bxc5 Qxc5 25. Rxf6 e4 26. Bb3 Qd4 27. Re6 Rxe6 28. dxe6 Re8 29. Qxe4 Qd6 30. e7 Kb8 31. Qe6 Qd2 32. Ka2 Qxg2 33. Qd7 Qc6 34. Qxc6 bxc6 35. Bf7 1-0


[Site "https://www.chess.com"]

[Event "Titled Tuesday Blitz March 28 Early 2023"]
[White "Sarkar, Justin"]
[Black "Levine, David"]
[WhiteFideId "2010011"]
[BlackFideId "2011611"]
[WhiteElo "2189"]
[BlackElo "2109"]
[Result "1-0"]
[Round "04"]
[TimeControl "180+2"]
[Date "2023.03.28"]
[WhiteClock "0:00:01"]
[BlackClock "0:00:01"]

1. e4 e5 2. f4 exf4 3. Nf3 d5 4. exd5 Nf6 5. Bb5+ c6 6. dxc6 Nxc6 7. Qe2+ Be7 8. d4 O-O 9. Bxc6 bxc6 10. Bxf4 Nd5 11. Bd2 Bh4+ 12. g3 Re8 13. Ne5 Bg5 14. O-O f6 15. Bxg5 fxg5 16. Qh5 Be6 17. c3 Qb6 18. Nd2 Qxb2 19. Ne4 h6 20. Rab1 Qc2 21. Qg6 Ne3 22. Nf6+ Kf8 23. Nh7+ 1-0


[Site "https://www.chess.com"]

[Event "Titled Tuesday Blitz March 28 Early 2023"]
[White "Michalski, Olaf"]
[Black "Coelho, Ramyres Santana"]
[WhiteFideId "1106740"]
[BlackFideId "2120690"]
[WhiteElo "2173"]
[BlackElo "1888"]
[Result "1-0"]
[Round "04"]
[TimeControl "180+2"]
[Date "2023.03.28"]
[WhiteClock "0:00:18"]
[BlackClock "0:00:23"]

1. d4 c5 2. d5 d6 3. Nc3 Nf6 4. e4 g6 5. Nf3 Bg7 6. Bb5+ Nbd7 7. a4 a6 8. Be2 O-O 9. O-O Ne5 10. Nd2 Ned7 11. Nc4 Nb6 12. Ne3 Ne8 13. h4 e5 14. dxe6 Qxh4 15. a5 fxe6 16. axb6 Be5 17. Ng4 Bg7 18. g3 Qh3 19. Bf3 e5 20. Ne3 h5 21. Bg2 Qd7 22. Ncd5 Nf6 23. Nxf6+ Rxf6 24. Nd5 Rf8 25. Bg5 Qf7 26. Ne7+ Kh7 27. Nxc8 Raxc8 28. Qd5 Qxd5 29. exd5 e4 30. c3 Rce8 31. Bf4 Be5 32. Bxe5 Rxe5 33. Rad1 Rff5 34. Bh3 Rg5 35. Be6 h4 36. g4 e3 37. f4 Rxe6 38. fxg5 Re4 39. Rde1 Rxg4+ 40. Kh2 Rxg5 41. c4 Rg4 42. b3 Kh6 43. Rxe3 Rd4 44. Kh3 g5 45. Rg1 Kh5 46. Re8 g4+ 47. Kg2 Rd2+ 48. Kf1 g3 49. Rh8+ Kg4 50. Rg8+ Kh3 51. Rh1+ Rh2 52. Kg1 a5 53. Rxh2+ gxh2+ 54. Kh1 a4 55. b4 a3 56. Ra8 cxb4 57. c5 dxc5 58. d6 b3 59. Rxa3 Kg4 60. Rxb3 c4 61. Rc3 Kg5 62. Kxh2 Kf6 63. Kh3 Ke6 64. Kxh4 Kxd6 65. Rxc4 Kd5 66. Rc7 Kd6 67. Rxb7 Kc6 68. Rc7+ Kxb6 69. Rc1 Kb5 70. Kg4 Kb4 71. Kf4 Kb3 72. Rc8 Kb2 73. Ke3 Kb3 74. Kd3 Kb4 75. Rc4+ Kb5 76. Kd4 Kb6 77. Rc5 Kb7 78. Kd5 Kb6 79. Kd6 Kb7 80. Rc6 Kb8 81. Rc7 Ka8 82. Kc6 Kb8 83. Kb6 Ka8 84. Rc8# 1-0


[Site "https://www.chess.com"]

[Event "Titled Tuesday Blitz March 28 Early 2023"]
[White "Ardila, Oscar Humberto"]
[Black "Kriti Mayur Patel"]
[WhiteFideId "4404742"]
[BlackFideId "35061780"]
[WhiteElo "1911"]
[BlackElo "1306"]
[Result "1-0"]
[Round "04"]
[TimeControl "180+2"]
[Date "2023.03.28"]
[WhiteClock "0:01:42"]
[BlackClock "0:00:51"]

1. d4 d5 2. c4 e6 3. Nc3 Nf6 4. Nf3 Be7 5. Ne5 O-O 6. f4 c5 7. cxd5 cxd4 8. Qxd4 exd5 9. e3 Nc6 10. Nxc6 bxc6 11. Be2 c5 12. Qd1 d4 13. Nb1 Bb7 14. O-O Qd7 15. Bf3 Ba6 16. Re1 Rad8 17. e4 c4 18. e5 Nd5 19. Qxd4 Qb5 20. Nc3 Nxc3 21. Qxc3 Bb4 22. Qe3 Bc5 23. h4 Bxe3+ 24. Bxe3 Qxb2 25. Rab1 Qxa2 26. Ra1 Qb3 27. Bc5 Bb7 28. Rab1 Qc3 29. Bxb7 Rfe8 30. Rec1 Qg3 31. Rxc4 Qxh4 32. Bf2 Rxe5 33. Bxh4 1-0


[Site "https://www.chess.com"]

[Event "Titled Tuesday Blitz March 28 Early 2023"]
[White "sebastianmarinp"]
[Black "dorpato"]
[WhiteElo "2294"]
[BlackElo "2039"]
[Result "1-0"]
[Round "04"]
[TimeControl "180+2"]
[Date "2023.03.28"]
[WhiteClock "0:01:36"]
[BlackClock "0:00:06"]

1. e4 c5 2. Nf3 g6 3. d4 cxd4 4. Nxd4 Bg7 5. Nc3 Nc6 6. Be3 Nf6 7. Bc4 O-O 8. Bb3 d6 9. f3 Bd7 10. Qd2 a6 11. h4 h5 12. O-O-O b5 13. Kb1 b4 14. Nd5 Nxd5 15. exd5 Nxd4 16. Bxd4 a5 17. g4 hxg4 18. h5 g5 19. Qxg5 f6 20. Qf4 Bh8 21. Bc4 f5 22. Qg5+ Kf7 23. Qg6# 1-0


[Site "https://www.chess.com"]

[Event "Titled Tuesday Blitz March 28 Early 2023"]
[White "Maranhao,Jose Renato Ruiz"]
[Black "Abrosimov, Vladimir"]
[WhiteFideId "2135175"]
[BlackFideId "4166892"]
[WhiteElo "1970"]
[BlackElo "2336"]
[Result "0-1"]
[Round "04"]
[TimeControl "180+2"]
[Date "2023.03.28"]
[WhiteClock "0:00:03"]
[BlackClock "0:01:29"]

1. e4 c5 2. d4 cxd4 3. c3 d3 4. Nf3 Nc6 5. Bxd3 d6 6. O-O Nf6 7. Bg5 e6 8. Nbd2 Be7 9. Qe2 O-O 10. Rfd1 Qc7 11. b4 Ne5 12. Nxe5 dxe5 13. c4 Bxb4 14. Bxf6 gxf6 15. Qg4+ Kh8 16. Nf3 Rg8 17. Qh4 Rg6 18. h3 Bd7 19. Nh2 Bc6 20. Ng4 Qe7 21. Rab1 Bc5 22. Qh5 Rag8 23. g3 b6 24. Rb2 Rg5 25. Qh4 f5 26. Nh6 Rxg3+ 27. Kf1 Qxh4 28. Nxg8 Rxg8 29. exf5 e4 30. Bb1 exf5 31. Rbd2 Qxh3+ 32. Ke2 Qf3+ 33. Ke1 Rg1# 0-1


[Site "https://www.chess.com"]

[Event "Titled Tuesday Blitz March 28 Early 2023"]
[White "Better_Chess_Faster"]
[Black "Marchesich, Giovanni"]
[BlackFideId "2824790"]
[WhiteElo "1985"]
[BlackElo "2209"]
[Result "0-1"]
[Round "04"]
[TimeControl "180+2"]
[Date "2023.03.28"]
[WhiteClock "0:00:02"]
[BlackClock "0:00:55"]

1. c4 e6 2. g3 d5 3. Bg2 Nf6 4. Nf3 d4 5. O-O c5 6. e3 Nc6 7. exd4 cxd4 8. d3 Nd7 9. Re1 Be7 10. b4 Bxb4 11. Nbd2 O-O 12. Bb2 Nc5 13. Qc2 Ba5 14. Ba3 Nb4 15. Bxb4 Bxb4 16. Re2 f6 17. Rb1 Ba5 18. Rb5 Bb6 19. a4 Bd7 20. Rxb6 axb6 21. Nxd4 Bxa4 22. Qb2 e5 23. Bd5+ Kh8 24. Nf5 Nxd3 25. Qb1 Nc5 26. Ne4 g6 27. Ne3 Bc6 28. Nxc5 bxc5 29. Rb2 Qa5 30. Kg2 Qa1 31. Qc2 Qa4 32. Qd2 Rfd8 33. Ng4 Bxd5+ 34. cxd5 Qd4 35. Qxd4 cxd4 36. Nxf6 Rab8 0-1


[Site "https://www.chess.com"]

[Event "Titled Tuesday Blitz March 28 Early 2023"]
[White "Clawitter, Craig"]
[Black "Vargas, Mauricio"]
[WhiteFideId "2023105"]
[BlackFideId "4404572"]
[WhiteElo "2247"]
[BlackElo "2025"]
[Result "1-0"]
[Round "04"]
[TimeControl "180+2"]
[Date "2023.03.28"]
[WhiteClock "0:01:43"]
[BlackClock "0:00:05"]

1. e4 e5 2. Nc3 Bc5 3. f4 d6 4. Nf3 Nc6 5. Bb5 exf4 6. d4 Bb6 7. d5 a6 8. Ba4 Bd7 9. dxc6 bxc6 10. Bxf4 Nf6 11. Qd3 O-O 12. O-O-O Re8 13. e5 dxe5 14. Nxe5 Re7 15. Nxc6 Qe8 16. Nxe7+ Qxe7 17. Bxd7 Rd8 18. Rhe1 Qxd7 19. Qxd7 Rxd7 20. Rxd7 Nxd7 21. Re8+ Nf8 22. Nd5 f6 23. Nxb6 cxb6 24. Bd6 Kf7 25. Rxf8+ Ke6 26. Ba3 a5 27. c4 h5 28. Rb8 g5 29. Rxb6+ Ke5 30. Rb5+ Ke4 31. Rxa5 f5 32. Rd5 h4 33. Rd8 g4 34. c5 f4 35. c6 Ke3 36. c7 f3 37. c8=Q f2 38. Qe6+ Kf4 39. Rf8+ Kg5 40. Qf6+ Kh5 41. Rh8# 1-0


[Site "https://www.chess.com"]

[Event "Titled Tuesday Blitz March 28 Early 2023"]
[White "Nan, M K Khine Hlyan"]
[Black "Zavortink, Matt"]
[WhiteFideId "13002899"]
[BlackFideId "2034263"]
[WhiteElo "1943"]
[BlackElo "2241"]
[Result "0-1"]
[Round "04"]
[TimeControl "180+2"]
[Date "2023.03.28"]
[WhiteClock "0:00:27"]
[BlackClock "0:00:09"]

1. e4 e6 2. d4 d5 3. exd5 exd5 4. Bd3 Nf6 5. Nf3 c5 6. c3 c4 7. Bc2 Bd6 8. O-O O-O 9. Ne5 Nc6 10. f4 Ne7 11. Nd2 Bf5 12. Ndf3 Bxc2 13. Qxc2 b5 14. a3 Ne4 15. Ng5 Nxg5 16. fxg5 Bxe5 17. dxe5 d4 18. cxd4 Qxd4+ 19. Kh1 Qxe5 20. Bf4 Qf5 21. Qe2 Qc5 22. Rad1 Nf5 23. Qf3 Rad8 24. Rxd8 Rxd8 25. Bg3 Nxg3+ 26. hxg3 Qe7 27. Qf4 a6 28. Kg1 g6 29. Kh2 Kg7 30. Rf3 Rd5 31. Re3 Qxg5 32. Qe4 Qh5+ 33. Kg1 Rd1+ 34. Kf2 Rd2+ 35. Re2 Rxe2+ 36. Qxe2 Qxe2+ 37. Kxe2 Kf6 38. Ke3 Ke5 39. Kf3 f5 40. Ke3 g5 41. Kf3 h5 42. Ke3 a5 43. Kf3 b4 44. axb4 axb4 45. Ke3 c3 46. bxc3 bxc3 47. Kd3 Kd5 48. Kxc3 Ke4 49. Kd2 h4 50. gxh4 gxh4 51. Ke2 Kf4 52. Kf2 Kg4 53. Kf1 Kg3 54. Kg1 h3 55. Kh1 hxg2+ 56. Kg1 Kf3 57. Kh2 Kf2 58. Kh3 g1=Q 59. Kh4 Qg4# 0-1


[Site "https://www.chess.com"]

[Event "Titled Tuesday Blitz March 28 Early 2023"]
[White "Rodriguez Santiago, Jaime"]
[Black "Semenova, Alina"]
[WhiteFideId "3100898"]
[BlackFideId "24113875"]
[WhiteElo "2025"]
[BlackElo "1833"]
[Result "1-0"]
[Round "04"]
[TimeControl "180+2"]
[Date "2023.03.28"]
[WhiteClock "0:00:27"]
[BlackClock "0:00:01"]

1. c4 e6 2. Nf3 d5 3. g3 Nf6 4. Bg2 Be7 5. O-O O-O 6. b3 c5 7. Bb2 d4 8. e3 Nc6 9. exd4 cxd4 10. d3 e5 11. Re1 Qc7 12. a3 a5 13. b4 axb4 14. axb4 Rxa1 15. Bxa1 Bxb4 16. Nbd2 Bg4 17. h3 Bh5 18. g4 Bg6 19. Qb3 Bc5 20. Ng5 h6 21. Nge4 Nxe4 22. Nxe4 b6 23. Nxc5 bxc5 24. Qb5 Ne7 25. Rb1 Bxd3 26. Re1 Ng6 27. Bd5 Nf4 28. Bg2 Rb8 29. Qa6 Nxg2 30. Kxg2 e4 31. Qa2 Qf4 32. Kg1 Qf3 33. Qd2 g5 34. Kh2 Rb3 35. Qa5 Bxc4 36. Qa8+ Kg7 37. Kg1 Qxh3 38. Qxe4 Be6 39. Qe5+ Kg8 40. Qxc5 Qxg4+ 41. Kf1 Qh3+ 42. Kg1 Qg4+ 43. Kf1 Qh3+ 44. Kg1 Qf5 45. Qxd4 Qg4+ 46. Kf1 Qxd4 47. Bxd4 Bc4+ 48. Kg1 Be6 49. Ra1 Rb4 50. Bf6 1-0


[Site "https://www.chess.com"]

[Event "Titled Tuesday Blitz March 28 Early 2023"]
[White "Makarian, Rudik"]
[Black "Giri, Anish"]
[WhiteFideId "44105681"]
[BlackFideId "24116068"]
[WhiteElo "2436"]
[BlackElo "2807"]
[Result "1-0"]
[Round "05"]
[TimeControl "180+2"]
[Date "2023.03.28"]
[WhiteClock "0:00:02"]
[BlackClock "0:00:08"]

1. d4 d5 2. c4 c6 3. Nf3 Nf6 4. Nc3 e6 5. Bg5 h6 6. Bxf6 Qxf6 7. a3 dxc4 8. e3 b5 9. Ne5 Bb7 10. b3 cxb3 11. Nxb5 Qd8 12. Qxb3 Ba6 13. Nc3 Qb6 14. Qc2 Bxf1 15. Rxf1 Be7 16. f4 O-O 17. f5 exf5 18. Rxf5 Bd6 19. Nxf7 Rxf7 20. Qa2 Qb7 21. Ke2 Na6 22. Raf1 Rf8 23. Qe6 Qd7 24. Qc4 Nc7 25. Rxf7 Rxf7 26. Rxf7 Qxf7 27. Qxc6 Bxh2 28. d5 Qh5+ 29. Kd3 Qe5 30. e4 Ne8 31. Nb5 Nd6 32. Nxd6 Qxd6 33. Qc8+ Kf7 34. Qf5+ Ke7 35. Qc8 Qxa3+ 36. Ke2 Qb2+ 37. Kf3 Qf6+ 38. Ke2 Qd6 39. Qg4 Be5 40. Qc8 Kf7 41. Qf5+ Bf6 42. Qc8 Qc6 43. Qxc6 1-0


[Site "https://www.chess.com"]

[Event "Titled Tuesday Blitz March 28 Early 2023"]
[White "Dubov, Daniil"]
[Black "Xu, Xiangyu"]
[WhiteFideId "24126055"]
[BlackFideId "8608288"]
[WhiteElo "2802"]
[BlackElo "2477"]
[Result "1-0"]
[Round "05"]
[TimeControl "180+2"]
[Date "2023.03.28"]
[WhiteClock "0:01:04"]
[BlackClock "0:00:11"]

1. d4 Nf6 2. c4 e6 3. Nc3 Bb4 4. e3 O-O 5. Bd3 d5 6. a3 Bxc3+ 7. bxc3 dxc4 8. Bxc4 c5 9. Ne2 Qc7 10. Ba2 b6 11. O-O Ba6 12. Bb2 Nc6 13. c4 cxd4 14. exd4 Rfd8 15. Rc1 b5 16. d5 bxc4 17. Bxc4 Bxc4 18. Rxc4 exd5 19. Rc2 Qd6 20. Ng3 Ne7 21. Re1 Ne4 22. Nh5 Nf5 23. Qf3 Qg6 24. Nf4 Qg5 25. Nxd5 Rxd5 26. Qxe4 Rdd8 27. Rc5 Qd2 28. Bc3 Nd6 29. Qg4 Qh6 30. Bxg7 Qg6 31. Rg5 h5 32. Qf4 Re8 33. Be5 1-0


[Site "https://www.chess.com"]

[Event "Titled Tuesday Blitz March 28 Early 2023"]
[White "Andreikin, Dmitry"]
[Black "Dardha, Daniel"]
[WhiteFideId "4158814"]
[BlackFideId "240990"]
[WhiteElo "2736"]
[BlackElo "2581"]
[Result "1/2-1/2"]
[Round "05"]
[TimeControl "180+2"]
[Date "2023.03.28"]
[WhiteClock "0:01:15"]
[BlackClock "0:02:00"]

1. d4 Nf6 2. c4 e6 3. Nf3 d5 4. Bg5 Nbd7 5. e3 h6 6. Bh4 Be7 7. Nc3 c6 8. Rc1 Ne4 9. Bxe7 Qxe7 10. Qc2 Nxc3 11. Qxc3 O-O 12. Be2 Re8 13. O-O dxc4 14. Bxc4 e5 15. dxe5 Nxe5 16. Nxe5 Qxe5 17. Qxe5 Rxe5 18. Rfd1 Kf8 19. Rd8+ Re8 20. Rcd1 Bf5 21. Rxa8 Rxa8 22. e4 Bxe4 23. Rd7 Bd5 24. Bxd5 cxd5 25. Rxb7 Rc8 26. Kf1 Rc2 27. Rxa7 Rxb2 28. Rd7 Rxa2 29. Rxd5 Rb2 1/2-1/2


[Site "https://www.chess.com"]

[Event "Titled Tuesday Blitz March 28 Early 2023"]
[White "Lazavik, Denis"]
[Black "Deac, Bogdan-Daniel"]
[WhiteFideId "13515110"]
[BlackFideId "1226380"]
[WhiteElo "2560"]
[BlackElo "2649"]
[Result "1/2-1/2"]
[Round "05"]
[TimeControl "180+2"]
[Date "2023.03.28"]
[WhiteClock "0:00:03"]
[BlackClock "0:00:05"]

1. d4 Nf6 2. c4 e6 3. Nf3 b6 4. g3 Bb7 5. Bg2 g6 6. O-O Bg7 7. Bf4 O-O 8. Nc3 Ne4 9. Nb5 Na6 10. Qc2 Nf6 11. Rfd1 d6 12. Nc3 Nh5 13. Bg5 f6 14. Bc1 f5 15. d5 Nc5 16. dxe6 Re8 17. Bg5 Bf6 18. Be3 Nxe6 19. Nd5 Bg7 20. Rac1 Nf6 21. Nd4 Nc5 22. Bg5 a6 23. e3 Rb8 24. Nxf6+ Bxf6 25. Bxf6 Qxf6 26. Bxb7 Rxb7 27. b4 Ne4 28. Qa4 Rbb8 29. Qc6 Qe7 30. Qd5+ Qf7 31. Nf3 Nf6 32. Qd4 Qe7 33. c5 dxc5 34. bxc5 b5 35. c6 Rbd8 36. Qc3 Ne4 37. Qb3+ Kg7 38. Rd4 Rxd4 39. Nxd4 Qf6 40. a4 bxa4 41. Qxa4 g5 42. Re1 f4 43. exf4 gxf4 44. Re2 fxg3 45. hxg3 Nd6 46. Rxe8 Nxe8 47. Qc4 a5 48. Qd5 Nd6 49. Ne6+ Kh8 50. Nxc7 a4 51. Ne6 Ne8 52. c7 Nxc7 53. Nxc7 a3 54. Ne6 h5 55. Qa8+ Kh7 56. Nf4 Qa1+ 57. Kg2 a2 58. Qe4+ Kg8 59. Qe8+ Kg7 60. Nxh5+ Kh6 61. Nf4 Kg7 62. Qe7+ Kg8 63. Qe6+ Kf8 64. Nh5 Qb2 65. Qc8+ Kf7 66. Qd7+ Kf8 67. Qd8+ Kf7 68. Qd7+ Kf8 69. Qf5+ Ke7 70. Qe4+ Kd8 71. Qd5+ Kc7 72. Qc5+ Kb7 73. Qd5+ Kb8 74. Qd6+ Kb7 75. Qd5+ Kb8 76. Qd6+ Ka7 77. Qc5+ Ka8 78. Qf8+ Ka7 79. Qc5+ Ka6 80. Qc6+ Ka7 81. Qc5+ 1/2-1/2


[Site "https://www.chess.com"]

[Event "Titled Tuesday Blitz March 28 Early 2023"]
[White "Koustav, Chatterjee"]
[Black "Le, Tuan Minh"]
[WhiteFideId "25073060"]
[BlackFideId "12401153"]
[WhiteElo "2432"]
[BlackElo "2558"]
[Result "0-1"]
[Round "05"]
[TimeControl "180+2"]
[Date "2023.03.28"]
[WhiteClock "0:00:21"]
[BlackClock "0:01:20"]

1. Nf3 d5 2. d4 Nf6 3. Bf4 c5 4. e3 Qb6 5. Qc1 Nc6 6. c3 Bf5 7. Nbd2 e6 8. Be2 h6 9. h3 Be7 10. O-O O-O 11. a4 Rac8 12. dxc5 Bxc5 13. b4 Be7 14. a5 Qd8 15. Qb2 Bd6 16. Rfd1 Bxf4 17. exf4 Qc7 18. g3 Bxh3 19. c4 Bg4 20. Rac1 Qe7 21. a6 Nxb4 22. axb7 Qxb7 23. Rb1 a5 24. Qa3 Qb6 25. Nb3 Ne4 26. c5 Rxc5 27. Nxc5 Qxc5 28. Rf1 Nxg3 0-1


[Site "https://www.chess.com"]

[Event "Titled Tuesday Blitz March 28 Early 2023"]
[White "Bluebaum, Matthias"]
[Black "Ivic, Velimir"]
[WhiteFideId "24651516"]
[BlackFideId "950122"]
[WhiteElo "2638"]
[BlackElo "2563"]
[Result "1/2-1/2"]
[Round "05"]
[TimeControl "180+2"]
[Date "2023.03.28"]
[WhiteClock "0:00:09"]
[BlackClock "0:00:06"]

1. d4 d5 2. c4 c6 3. Nf3 Nf6 4. Nc3 e6 5. Qc2 Nbd7 6. e4 dxe4 7. Nxe4 Nxe4 8. Qxe4 Bb4+ 9. Bd2 Bxd2+ 10. Nxd2 c5 11. dxc5 Nxc5 12. Qe3 b6 13. b4 Nd7 14. Be2 Bb7 15. O-O O-O 16. Rac1 Qe7 17. c5 bxc5 18. bxc5 Rfc8 19. Nb3 Rc7 20. Bb5 Rac8 21. c6 Bxc6 22. Bxc6 Rxc6 23. Rxc6 Rxc6 24. Qxa7 Qd6 25. Qa8+ Nf8 26. Qb7 Ra6 27. Nc1 Rb6 28. Qf3 Rb2 29. Qc3 Qb4 30. Qxb4 Rxb4 31. Nd3 Ra4 32. Ra1 Ra3 33. Nb2 Nd7 34. Nc4 Ra4 35. Nb2 Ra3 36. Nc4 Ra4 37. Nb2 Ra3 1/2-1/2


[Site "https://www.chess.com"]